 Dungeon Crawl Stone Soup version 0.20-a0-947-g2784f4f (webtiles) character file.

1387 erloom the Fighter (level 8, 0/78 HPs)
             Began as a Minotaur Fighter on Apr 2, 2017.
             Slain by an adder (4 damage)
             ... on level 5 of the Dungeon.
             The game lasted 00:13:55 (4068 turns).

erloom the Fighter (Minotaur Fighter)               Turns: 4068, Time: 00:13:57

Health: 0/78       AC:  9    Str: 21    XL:     8   Next: 40%
Magic:  7/7        EV:  7    Int:  7    God:
Gold:   321        SH:  9    Dex: 10    Spells: 7/7 levels left

rFire    . . .     SeeInvis .   s - +0 war axe
rCold    . . .     Gourm    +   c - +0 shield
rNeg     + . .     Faith    .   b - +0 scale mail
rPois    +         Spirit   .   (helmet restricted)
rElec    .         Reflect  .   (no cloak)
rCorr    .         Harm     .   J - +0 pair of gloves
MR       .....                  m - +0 pair of boots
Stlth    ..........             y - amulet of the gourmand
Regen    0.3/turn               o - ring of positive energy
MPRegen  0.1/turn               t - ring of poison resistance

@: drained
A: retaliatory headbutt, horns 2
a: no special abilities


You were on level 5 of the Dungeon.
You were full.

You visited 1 branch of the dungeon, and saw 5 of its levels.
You also visited: Sewer.

You collected 321 gold pieces.

Inventory:

Hand Weapons
 a - a +2 dire flail of draining
 s - a +0 war axe (weapon)
Missiles
 n - 124 arrows
 u - 4 tomahawks (quivered)
 z - 5 tomahawks of dispersal
Armour
 b - a +0 scale mail (worn)
 c - a +0 shield (worn)
 m - a +0 pair of boots (worn)
 H - a +0 large shield
 J - a +0 pair of gloves (worn)
Jewellery
 o - a ring of positive energy (left hand)
 t - a ring of poison resistance (right hand)
 y - an amulet of the gourmand (around neck)
 G - an uncursed amulet of harm
Wands
 F - a wand of lightning (12/15)
Scrolls
 e - 5 scrolls of identify {unknown}
 k - a scroll of enchant armour {unknown}
 q - 2 scrolls of enchant weapon {unknown}
 w - 2 scrolls of teleportation {unknown}
 x - 3 scrolls of magic mapping {unknown}
 A - a scroll of noise {unknown}
 B - 2 scrolls of blinking
 E - 2 scrolls of remove curse
 K - a scroll of vulnerability {unknown}
Potions
 d - 2 potions of might
 g - 3 potions of degeneration {unknown}
 h - a potion of brilliance {unknown}
 i - 2 potions of ambrosia {unknown}
 l - a potion of agility {unknown}
 v - 4 potions of curing {unknown}
 C - a potion of flight {unknown}
 D - 3 potions of haste {unknown}
 I - a potion of invisibility {unknown}
Comestibles
 f - 5 bread rations
 j - a fruit
 p - a royal jelly
 r - 3 meat rations


   Skills:
 + Level 9.1(8.2) Fighting
 + Level 8.9(8.0) Axes
 - Level 5.0(4.2) Armour
 - Level 3.6(2.8) Shields


You had 7 spell levels left.
You didn't know any spells.

Dungeon Overview and Level Annotations

Branches:
Dungeon (5/15)
 Temple: D:4-7

Altars:
Cheibriados
Elyvilon
Vehumet

Annotations:
D:5 Dowan, Duvessa


Innate Abilities, Weirdness & Mutations

You reflexively headbutt those who attack you in melee.
You have a pair of horns on your head.


Message History

You headbutt the orc warrior. You barely miss the orc warrior.
The orc warrior is severely wounded.
You block the orc warrior's attack.
The orc priest mumbles some strange prayers to Beogh against you.
Beogh smites you!
* * * LOW HITPOINT WARNING * * *
You hit the orc warrior but do no damage.
The orc warrior is severely wounded.
The orc warrior hits you with a flail.
* * * LOW HITPOINT WARNING * * *
The orc warrior completely misses you.
You hit the orc warrior.
You kill the orc warrior!
Your base Fighting skill increases to level 9!
The orc priest invokes the aid of Beogh against you.
Beogh smites you!
* * * LOW HITPOINT WARNING * * *
The adder bites you.
You die...

#..... #...<... #####.
#####..# # ##.## ## #..#
######. #####.### .......
#........ .......
#........ .......######
#........
......o.S@..######........
###########...............
########........ #........
#........ #........
#........ #########


You could see an orc priest and an adder.

Vanquished Creatures
  The ghost of nikopol the Skirmisher, an amateur GrBe of Trog (D:4)
  Sigmund (D:3)
  Eustachio (D:4)
  Menkaure (D:4)
  Edmund (D:4)
  An orc warrior (D:5)
  A bullfrog (Sewer)
  A scorpion (D:4)
  A bullfrog zombie (D:5)
  A crimson imp (D:5)
  An orc priest (D:4)
  2 worker ants
  11 gnolls
  A howler monkey skeleton (D:5)
  A river rat (D:3)
  11 adders
  An ooze (D:1)
  2 adder skeletons (D:4)
  4 worms
  2 dart slugs
  5 leopard geckos
  4 orcs
  5 ball pythons
  9 giant cockroaches
  6 hobgoblins
  8 bats
  10 frilled lizards
  7 goblins
  A jackal skeleton (D:4)
  11 kobolds
  11 rats
123 creatures vanquished.

Notes
Turn   | Place    | Note
-------+----------+-------------------------------------------
     0 | D:1      | erloom the Minotaur Fighter began the quest for the Orb.
     0 | D:1      | Reached XP level 1. HP: 19/19 MP: 0/0
   203 | D:1      | Reached XP level 2. HP: 26/27 MP: 1/1
   323 | D:1      | Reached skill level 4 in Fighting
   562 | D:2      | Reached XP level 3. HP: 33/33 MP: 2/2
   642 | D:2      | Reached XP level 4. HP: 25/41 MP: 3/3
  1186 | D:2      | Found a faded altar of an unknown god.
  1394 | D:2      | Reached skill level 5 in Armour
  1761 | D:3      | Reached XP level 5. HP: 43/47 MP: 4/4
  1762 | D:3      | Found a radiant altar of Vehumet.
  1833 | D:3      | Reached skill level 5 in Fighting
  1841 | D:3      | Noticed Sigmund
  1852 | D:3      | Killed Sigmund
  1852 | D:3      | Reached skill level 5 in Axes
  1852 | D:3      | Reached XP level 6. HP: 48/57 MP: 5/5
  1941 | D:3      | Found a glowing drain.
  1974 | Sewer    | Entered a sewer
  2086 | Sewer    | Reached skill level 6 in Fighting
  2401 | D:3      | Found a snail-covered altar of Cheibriados.
  2779 | D:4      | Noticed Eustachio
  2787 | D:4      | Killed Eustachio
  2787 | D:4      | Reached skill level 7 in Fighting
  2787 | D:4      | Reached XP level 7. HP: 63/66 MP: 6/6
  2801 | D:4      | Noticed Edmund
  2815 | D:4      | Killed Edmund
  3140 | D:4      | Noticed Menkaure
  3142 | D:4      | Noticed nikopol's ghost (amateur GrBe)
  3148 | D:4      | Killed Menkaure
  3154 | D:4      | Killed nikopol's ghost
  3154 | D:4      | Reached skill level 8 in Fighting
  3154 | D:4      | Reached XP level 8. HP: 18/75 MP: 7/7
  3513 | D:4      | Found a white marble altar of Elyvilon.
  3704 | D:5      | Entered Level 5 of the Dungeon
  3704 | D:5      | Noticed Duvessa
  3704 | D:5      | Noticed Dowan
  4068 | D:5      | Reached skill level 9 in Fighting
  4068 | D:5      | Slain by an adder

Vault maps used:
D:1:      dpeg_arrival_ratfight, hangedman_decor_growths, minivault_11,
          minmay_tetromino_s2
D:2:      chequers_ecumenical_altar_simple_redux, minivault_25
D:3:      vehumet_crystals, lemuel_crystal_altar, portal_sewer_entry_a,
          uniq_sigmund
D:4:      old_standard_altar, uniq_eustachio, uniq_edmund, uniq_menkaure
D:5:      serial_shops, kennysheep_mini, first_bread, uniq_duvessa
Sewer:    sewer_frog_island_01

Skill      XL: |  1  2  3  4  5  6  7  8 |
---------------+-------------------------+-----
Armour         | 4 5 |  5.0
Fighting       | 4 5 7 8 9 |  9.1
Axes           | 3 4 5 6 8 |  8.9
Shields        | |  3.6

Action                   |  1- 3 |  4- 6 |  7- 9 || total
-------------------------+-------+-------+-------++-------
Melee: War axe           |    68 |   161 |   107 ||   336
       Headbutt          |     9 |    17 |    24 ||    50
  Use: Scroll            |     2 |       |       ||     2
  Eat: Chunk             |       |     9 |    25 ||    34
Armor: Scale mail        |    31 |    70 |    34 ||   135
Dodge: Dodged            |    29 |    40 |    23 ||    92
Block: Shield            |    30 |    68 |    39 ||   137
